 Dungeon Crawl Stone Soup version 0.30.0-20-g3615ddf2f0 (webtiles) character file.

Game seed: 7018401862287955256

18945 qw the Cleaver (level 12, -2/77 HPs)
             Began as a Gargoyle Fighter on June 1, 2023.
             Was a High Priest of Okawaru.
             Slain by a death yak (6 damage)
             ... on level 5 of the Lair of Beasts.
             The game lasted 00:05:22 (11826 turns).

qw the Cleaver (Gargoyle Fighter)                  Turns: 11826, Time: 00:05:22

Health: -2/77      AC: 38    Str: 26    XL:     12   Next: 63%
Magic:  13/16      EV: 10    Int:  8    God:    Okawaru [*****.]
Gold:   572        SH:  6    Dex: 12    Spells: 11/11 levels left

rFire   + . .        Y - +4 war axe
rCold   + . .        c - +0 buckler
rNeg    + . .        j - +0 plate armour
rPois   inf          n - +1 helmet
rElec   +            g - +0 cloak
rCorr   .            s - +0 pair of gloves
SInv    .            p - +1 pair of boots
Will    .....        v - amulet of faith Stlth
                     b - ring "Taefram" {rPois rF+ rC+ Dex+3}
HPRegen 0.32/turn    l - +4 ring of protection
MPRegen 0.15/turn

%: faith
@: heroic
A: sickness immunity, AC +8, negative energy resistance 1, electricity
resistance, torment resistance 1, petrification resistance
a: Renounce Religion, Heroism, Finesse, Duel


You were on level 5 of the Lair of Beasts.
You worshipped Okawaru.
Okawaru was extremely pleased with you.
You visited 3 branches of the dungeon, and saw 13 of its levels.
You also visited: Ossuary.

You collected 689 gold pieces.
You spent 117 gold pieces at shops.


Innate Abilities, Weirdness & Mutations

You are immune to sickness and miasma.
Your stone body is resilient. (AC +8)
You are immune to poison.
You resist negative energy. (rN+)
You are resistant to electric shocks. (rElec)
You are resistant to unholy torment.
You are immune to petrification.


   Skills:
 - Level 10.0(15.0) Fighting
 + Level 13.8(18.8) Axes
 - Level 2.7(7.7) Throwing
 - Level 10.1(15.1) Armour
 - Level 3.0(8.0) Dodging
 - Level 6.0(11.0) Shields
 + Level 5.7 Invocations


You had 11 spell levels left.
You didn't know any spells.
Your spell library was empty.

Inventory:

Hand Weapons
 o - a +2 flail
 Y - a +4 war axe (weapon)
Missiles
 u - 3 boomerangs (quivered)
Armour
 c - a +0 buckler (worn)
 g - a +0 cloak (worn)
 j - a +0 plate armour (worn)
 n - a +1 helmet (worn)
 p - a +1 pair of boots (worn)
 s - a +0 pair of gloves (worn)
Jewellery
 b - the ring "Taefram" (left hand) {rPois rF+ rC+ Dex+3}
   (You found it on level 8 of the Dungeon)

   [ring of protection from fire]

   Dex:       It affects your dexterity (+3).
   rF:        It protects you from fire.
   rC:        It protects you from cold.
   rPois:     It protects you from poison.
 l - a +4 ring of protection (right hand)
 r - a ring of protection from fire
 t - a +6 ring of dexterity
 v - an amulet of faith (around neck)
Scrolls
 a - a scroll of identify
Potions
 d - 3 potions of might
 e - 6 potions of curing
 h - 3 potions of mutation
 i - 6 potions of attraction
 k - a potion of resistance
 m - 3 potions of lignification
 q - 2 potions of haste

Dungeon Overview and Level Annotations

Branches:
Dungeon (8/15)             Temple (1/1) D:7            Lair (5/5) D:8
  Swamp (0/4) Lair:2       Spider (0/4) Lair:2      Ossuary (visited)
  Slime: Lair:4-5

Altars:
Ashenzari
Cheibriados
Dithmenos
Elyvilon
Fedhas
Gozag
Hepliaklqana
Makhleb
Nemelex Xobeh
Okawaru
Qazlal
Ru
Sif Muna
Trog
Uskayaw
Vehumet
Wu Jian
Xom
Yredelemnul
The Shining One

Shops:
D:4 !

Annotations:
D:2 1 runed translucent door, Crazy Yiuf
D:3 3 runed translucent doors, qw's ghost, amateur GrFi
D:6 2 transporters, qw's ghost, novice GrFi


Message History

You slash the death yak!
You feel like a meek peon again.
The death yak gores you but does no damage.
You block the death yak's attack.
11819 ||| INVOKING Heroism.
You gain the combat prowess of a mighty hero.
The death yak gores you but does no damage.
The death yak barely misses you.
You slash the death yak!
You kill the death yak!
Okawaru is honoured by your kill.
You slash the death yak! You hit the death yak.
The death yak is severely wounded.
The death yak gores you but does no damage.
You hit the death yak.
The death yak is severely wounded.
You slash the death yak! The death yak gores you!
The death yak closely misses you.
You slash the death yak!
The death yak is almost dead.
You hit the death yak.
The death yak gores you but does no damage.
The death yak barely misses you.
You slice the death yak!!
You kill the death yak!
Okawaru accepts your kill.
You hit the death yak but do no damage. You barely miss the cane toad.
The cane toad is severely wounded.
You barely miss the death yak. You block the death yak's attack.
You slice the death yak!!
You kill the death yak!
Okawaru is honoured by your kill.
You can now enter into single combat with a foe.
Okawaru will now gift you equipment as you gain piety.
You slash the death yak! The death yak gores you.
You die...

.... ....P.
..<.. ...#
...# #..#
##YF.#
#@#..#
##Y..#
#.F...#
#P......#
#P......#
.........#
...........
#.........#
###.....P.#


You could see 2 death yaks and 2 cane toads.

Vanquished Creatures
  4 death yaks (Lair:5)
  Pikel (D:6)
  An oklob plant (Lair:1)
  11 elephants
  Maurice (D:8)
  A black mamba (Lair:1)
  5 cane toads
  A kobold demonologist (D:7)
  Psyche (D:8)
  2 komodo dragons (Lair:1)
  Prince Ribbit (D:7)
  Grinder (D:4)
  6 blink frogs
  A slime creature (D:7)
  2 jumping spiders (Lair:2)
  14 yaks
  3 wyverns
  A vampire (D:6)
  A shadow (D:7)
  2 wraiths (Ossuary)
  A steam dragon (D:8)
  Menkaure (D:4)
  3 water moccasins
  A black bear (D:6)
  An orc warrior (D:7)
  3 ice beasts
  2 sky beasts (D:7)
  2 ogres (D:5)
  6 wolves (Lair:2)
  4 lemures (D:6)
  2 centaurs
  2 phantoms
  Blork the orc (D:4)
  2 kobold brigands
  6 bullfrogs
  A gnoll sergeant (D:7)
  4 scorpions
  10 wights
  4 killer bees (D:7)
  A centaur zombie (Ossuary)
  3 orc priests
  4 hounds
  3 jellies
  A gnoll bouda (D:6)
  3 sleepcaps
  6 iguanas
  3 orc wizards
  Robin (D:2)
  10 gnolls
  10 adders
  A shadow imp (D:5)
  A white imp (D:7)
  2 adder zombies (Ossuary)
  A worm (D:3)
  2 dart slugs
  12 orcs
  6 ball pythons
  11 endoplasms
  A giant cockroach (D:1)
  4 hobgoblins
  6 jackals
  19 kobolds
  2 quokkas (D:1)
  4 bats
  2 frilled lizards (D:1)
  16 goblins
  A goblin zombie (D:5)
  A hobgoblin skeleton (Ossuary)
  3 hobgoblin zombies (Ossuary)
  A kobold zombie (Ossuary)
  An orc skeleton (Ossuary)
  A quokka zombie (D:5)
  9 rats
268 creatures vanquished.

Notes
Turn   | Place    | Note
-------+----------+-------------------------------------------
     0 | D:1      | qw the Gargoyle Fighter began the quest for the Orb.
     0 | D:1      | Reached XP level 1. HP: 14/14 MP: 1/1
     0 | D:1      | 0 ||| qw: Version: 0.2-a-102-gdf20003
     0 | D:1      | 0 ||| qw: Game counter: 728
     0 | D:1      | 0 ||| qw: Always use a shield: true
     0 | D:1      | 0 ||| qw: God list: Okawaru
     0 | D:1      | 0 ||| qw: Allow faded altars: false
     0 | D:1      | 0 ||| qw: Do Orc after D:15 true
     0 | D:1      | 0 ||| qw: Do second Lair branch before Depths: true
     0 | D:1      | 0 ||| qw: Lair rune preference: random
     0 | D:1      | 0 ||| qw: Plans: Normal, Zot:1-4, Slime:5, God:TSO, Crypt,
                  | Tomb, Pan, Hells, Abyss, Win
     0 | D:1      | 0 ||| PLANNING D:1-11
    78 | D:1      | Reached skill level 2 in Axes
   111 | D:1      | You fall into a shaft and drop 1 floor!
   151 | D:1      | Reached XP level 2. HP: 19/19 MP: 2/2
   199 | D:1      | 199 ||| Stepping ~*~*~tactically~*~*~ (stealth).
   210 | D:1      | 210 ||| Stepping ~*~*~tactically~*~*~ (hiding).
   212 | D:1      | 212 ||| Stepping ~*~*~tactically~*~*~ (hiding).
   213 | D:1      | 213 ||| Stepping ~*~*~tactically~*~*~ (hiding).
   272 | D:1      | Reached skill level 3 in Axes
   311 | D:1      | Reached XP level 3. HP: 23/23 MP: 3/3
   340 | D:1      | 340 ||| FLEEEEING.
   341 | D:1      | 341 ||| FLEEEEING.
   342 | D:1      | 342 ||| FLEEEEING.
   344 | D:1      | 344 ||| FLEEEEING.
   345 | D:1      | 345 ||| FLEEEEING.
   346 | D:1      | 346 ||| FLEEEEING.
   347 | D:1      | 347 ||| FLEEEEING.
   348 | D:1      | 348 ||| FLEEEEING.
   350 | D:1      | 350 ||| FLEEEEING.
   351 | D:1      | 351 ||| FLEEEEING.
   352 | D:1      | 352 ||| FLEEEEING.
   353 | D:1      | 353 ||| FLEEEEING.
   354 | D:1      | 354 ||| FLEEEEING.
   355 | D:1      | 355 ||| FLEEEEING.
   356 | D:1      | 356 ||| FLEEEEING.
   357 | D:1      | 357 ||| FLEEEEING.
   358 | D:1      | 358 ||| FLEEEEING.
   359 | D:1      | 359 ||| FLEEEEING.
   360 | D:1      | 360 ||| FLEEEEING.
   361 | D:1      | 361 ||| FLEEEEING.
   362 | D:1      | 362 ||| FLEEEEING.
   363 | D:1      | 363 ||| FLEEEEING.
   364 | D:1      | 364 ||| FLEEEEING.
   365 | D:1      | 365 ||| FLEEEEING.
   366 | D:1      | 366 ||| FLEEEEING.
   367 | D:1      | 367 ||| FLEEEEING.
   368 | D:1      | 368 ||| FLEEEEING.
   369 | D:1      | 369 ||| FLEEEEING.
   370 | D:1      | 370 ||| FLEEEEING.
   371 | D:1      | 371 ||| FLEEEEING.
   650 | D:1      | 650 ||| UPGRADING to +6 ring of dexterity.
   651 | D:1      | 651 ||| READING 2 scrolls labelled CUZA YROGGICSEE.
   652 | D:1      | 652 ||| READING 2 scrolls labelled CITEOCKOGRI.
   653 | D:1      | 653 ||| READING scroll of enchant weapon.
   653 | D:1      | 653 ||| ENCHANTING +1 war axe.
   654 | D:1      | 654 ||| READING scroll labelled CUOKHO JACU.
   655 | D:1      | 655 ||| DRINKING 3 smoky pink potions.
   794 | D:2      | 794 ||| Stepping ~*~*~tactically~*~*~ (stealth).
   806 | D:2      | 806 ||| Stepping ~*~*~tactically~*~*~ (stealth).
   811 | D:2      | 811 ||| Stepping ~*~*~tactically~*~*~ (stealth).
   812 | D:2      | 812 ||| Stepping ~*~*~tactically~*~*~ (stealth).
   855 | D:2      | Reached skill level 1 in Dodging
   867 | D:2      | Noticed Robin
   868 | D:2      | 868 ||| Stepping ~*~*~tactically~*~*~ (stealth).
   870 | D:2      | 870 ||| Stepping ~*~*~tactically~*~*~ (hiding).
   876 | D:2      | Reached XP level 4. HP: 24/28 MP: 4/4
   883 | D:2      | Killed Robin
  1114 | D:2      | Found a runed translucent door.
  1115 | D:2      | Noticed Crazy Yiuf
  1164 | D:2      | Found a faded altar of an unknown god.
  1519 | D:2      | 1519 ||| UPGRADING to +1 helmet.
  1524 | D:2      | 1524 ||| DROPPING orb of mayhem.
  1525 | D:2      | 1525 ||| UPGRADING to ring of positive energy.
  1526 | D:2      | 1526 ||| READING 2 scrolls labelled QYLYUNUDUA.
  1527 | D:2      | 1527 ||| DRINKING 3 murky dark potions.
  1556 | D:2      | 1556 ||| READING 3 scrolls of identify.
  1556 | D:2      | 1556 ||| IDENTIFYING blue potion
  1557 | D:2      | 1557 ||| READING 2 scrolls of identify.
  1557 | D:2      | 1557 ||| IDENTIFYING smoky emerald potion
  1558 | D:2      | 1558 ||| DRINKING potion of experience.
  1558 | D:2      | Reached skill level 11 in Axes
  1558 | D:2      | Reached XP level 5. HP: 32/32 MP: 5/5
  1559 | D:2      | 1559 ||| DROPPING potion of ambrosia.
  1560 | D:2      | 1560 ||| DROPPING scroll of amnesia.
  1616 | D:3      | Found a runed translucent gate.
  1616 | D:3      | Found a runed translucent gate.
  1616 | D:3      | Found a runed translucent gate.
  1696 | D:3      | 1696 ||| Stepping ~*~*~tactically~*~*~ (hiding).
  2031 | D:3      | 2031 ||| READING scroll of enchant weapon.
  2031 | D:3      | 2031 ||| ENCHANTING +2 war axe.
  2103 | D:3      | 2103 ||| Stepping ~*~*~tactically~*~*~ (hiding).
  2135 | D:3      | 2135 ||| Stepping ~*~*~tactically~*~*~ (stealth).
  2187 | D:3      | Noticed qw's ghost (amateur GrFi)
  2420 | D:3      | 2420 ||| READING scroll labelled ZIFEOS VIEZIA.
  2511 | D:4      | 2511 ||| Stepping ~*~*~tactically~*~*~ (stealth).
  2581 | D:4      | Noticed Blork the orc
  2585 | D:4      | Killed Blork the orc
  2586 | D:4      | Reached XP level 6. HP: 24/38 MP: 6/6
  2708 | D:4      | Noticed Menkaure
  2712 | D:4      | Noticed Grinder
  2718 | D:4      | Reached skill level 1 in Throwing
  2718 | D:4      | Killed Menkaure
  2721 | D:4      | Reached XP level 7. HP: 18/44 MP: 7/7
  2723 | D:4      | Killed Grinder
  2819 | D:4      | 2819 ||| DROPPING +0 whip.
  3028 | D:4      | Found Queshowk's Distillery.
  3045 | D:4      | 3045 ||| FLEEEEING.
  3125 | D:4      | 3125 ||| BUYING 2 potions of attraction (78 gold).
  3125 | D:4      | Bought 2 potions of attraction for 78 gold pieces
  3125 | D:4      | 3125 ||| SHOPLISTING 2 potions of mutation (208 gold, have
                  | 57).
  3125 | D:4      | 3125 ||| BUYING potion of attraction (39 gold).
  3125 | D:4      | Bought a potion of attraction for 39 gold pieces
  3125 | D:4      | 3125 ||| SHOPLISTING potion of cancellation (104 gold, have
                  | 18).
  3125 | D:4      | 3125 ||| SHOPLISTING potion of might (52 gold, have 18).
  3125 | D:4      | 3125 ||| SHOPLISTING potion of mutation (104 gold, have
                  | 18).
  3125 | D:4      | 3125 ||| SHOPLISTING potion of resistance (130 gold, have
                  | 18).
  3386 | D:4      | 3386 ||| READING scroll labelled SAIGGE QOIHA.
  3387 | D:4      | 3387 ||| DRINKING 2 grey potions.
  3388 | D:4      | 3388 ||| DRINKING 3 dark potions.
  3408 | D:5      | Entered Level 5 of the Dungeon
  3409 | D:5      | 3409 ||| PLANNING OSSUARY
  3411 | D:5      | 3411 ||| STAIRDANCE
  3494 | D:5      | Reached XP level 8. HP: 50/50 MP: 8/8
  3510 | D:5      | 3510 ||| Stepping ~*~*~tactically~*~*~ (stealth).
  3511 | D:5      | 3511 ||| Stepping ~*~*~tactically~*~*~ (stealth).
  3512 | D:5      | 3512 ||| Stepping ~*~*~tactically~*~*~ (stealth).
  3523 | D:5      | Reached skill level 6 in Fighting
  3530 | D:5      | 3530 ||| FLEEEEING.
  3538 | D:5      | 3538 ||| FLEEEEING.
  3877 | D:5      | 3877 ||| Stepping ~*~*~tactically~*~*~ (stealth).
  3932 | D:5      | Found a sand-covered staircase.
  3933 | D:5      | 3933 ||| DROPPING ring of flight.
  3934 | D:5      | 3934 ||| READING scroll labelled SYIMILU WOIW.
  3948 | D:5      | 3948 ||| READING scroll labelled HAQODYACEDI.
  3949 | D:5      | 3949 ||| DRINKING 2 viscous inky potions.
  3950 | D:5      | 3950 ||| DROPPING potion of degeneration.
  3996 | Ossuary  | Entered an ossuary
  4088 | Ossuary  | Noticed a flying skull
  4088 | Ossuary  | Noticed a wraith
  4101 | Ossuary  | Noticed a flying skull
  4119 | Ossuary  | Noticed a flying skull
  4133 | Ossuary  | Noticed a flying skull
  4141 | Ossuary  | Noticed a wraith
  4145 | Ossuary  | Killed a wraith
  4146 | Ossuary  | Reached XP level 9. HP: 58/58 MP: 9/9
  4290 | Ossuary  | 4290 ||| READING scroll labelled LOHEJE OMUALOS.
  4291 | Ossuary  | 4291 ||| READING scroll labelled ZIBLOF ISY USU.
  4392 | Ossuary  | 4392 ||| DRINKING 3 viscous red potions.
  4393 | Ossuary  | 4393 ||| READING 2 scrolls of identify.
  4393 | Ossuary  | 4393 ||| IDENTIFYING coppery potion
  4442 | D:5      | 4442 ||| PLANNING D:1-11
  4623 | D:6      | 4623 ||| Stepping ~*~*~tactically~*~*~ (stealth).
  4625 | D:6      | 4625 ||| Stepping ~*~*~tactically~*~*~ (hiding).
  4709 | D:6      | 4709 ||| Stepping ~*~*~tactically~*~*~ (stealth).
  4724 | D:6      | Noticed Pikel
  4741 | D:6      | Killed Pikel
  4747 | D:6      | HP: 11/59 [gnoll/+0 spear[a gnoll bouda] (5)]
  4748 | D:6      | 4748 ||| DRINKING potion of heal wounds.
  4865 | D:6      | 4865 ||| READING scroll of enchant weapon.
  4865 | D:6      | 4865 ||| ENCHANTING +3 war axe.
  4955 | D:6      | Found a transporter.
  4989 | D:6      | Noticed qw's ghost (novice GrFi)
  4997 | D:6      | Identified the ring "Qocix" {Fly rCorr MP+9}
  5052 | D:6      | Found a transporter.
  5060 | D:6      | 5060 ||| Stepping ~*~*~tactically~*~*~ (stealth).
  5076 | D:6      | Found a stormy altar of Qazlal.
  5076 | D:6      | Found a glowing golden altar of the Shining One.
  5078 | D:6      | 5078 ||| Stepping ~*~*~tactically~*~*~ (hiding).
  5088 | D:6      | Found a snail-covered altar of Cheibriados.
  5202 | D:6      | Reached skill level 3 in Dodging
  5435 | D:6      | 5435 ||| READING 3 scrolls of identify.
  5435 | D:6      | 5435 ||| IDENTIFYING fizzy sapphire potion
  5436 | D:6      | 5436 ||| READING 2 scrolls of identify.
  5436 | D:6      | 5436 ||| IDENTIFYING viscous green potion
  5437 | D:6      | 5437 ||| DROPPING potion of flight.
  5438 | D:6      | 5438 ||| DROPPING potion of berserk rage.
  5532 | D:7      | 5532 ||| FLEEEEING.
  5534 | D:7      | 5534 ||| Stepping ~*~*~tactically~*~*~ (stealth).
  5552 | D:7      | 5552 ||| Stepping ~*~*~tactically~*~*~ (stealth).
  5567 | D:7      | Noticed Prince Ribbit
  5590 | D:7      | Reached XP level 10. HP: 56/65 MP: 10/10
  5601 | D:7      | HP: 16/65 [Prince Ribbit (11)]
  5602 | D:7      | HP: 5/65 [Prince Ribbit (11)]
  5606 | D:7      | Killed Prince Ribbit
  5607 | D:7      | Reached skill level 9 in Fighting
  5850 | D:7      | 5850 ||| Stepping ~*~*~tactically~*~*~ (stealth).
  6243 | D:7      | 6243 ||| FLEEEEING.
  6243 | D:7      | Noticed a kobold demonologist
  6244 | D:7      | 6244 ||| FLEEEEING.
  6245 | D:7      | 6245 ||| FLEEEEING.
  6250 | D:7      | 6250 ||| FLEEEEING.
  6251 | D:7      | 6251 ||| FLEEEEING.
  6252 | D:7      | 6252 ||| FLEEEEING.
  6256 | D:7      | 6256 ||| STAIRDANCE
  6358 | D:6      | 6358 ||| UPGRADING to +0 plate armour.
  6368 | D:6      | 6368 ||| DROPPING +0 scale mail.
  6369 | D:6      | 6369 ||| UPGRADING to +0 pair of gloves.
  6374 | D:6      | 6374 ||| READING scroll labelled VIREOC VOFEUSK.
  6375 | D:6      | 6375 ||| READING scroll labelled BIADOV WAITZ.
  6376 | D:6      | 6376 ||| DRINKING 2 fuming puce potions.
  6381 | D:7      | Noticed a sun demon
  6384 | D:7      | 6384 ||| STAIRDANCE
  6396 | D:6      | HP: 14/66 [vampire (5)]
  6397 | D:6      | 6397 ||| READING scroll of teleportation.
  6398 | D:6      | 6398 ||| DRINKING potion of heal wounds.
  6513 | D:7      | 6513 ||| STAIRDANCE
  6586 | D:7      | Found a staircase to the Ecumenical Temple.
  6587 | D:7      | 6587 ||| PLANNING TEMPLE
  6595 | Temple   | Entered the Ecumenical Temple
  6641 | Temple   | 6641 ||| PLANNING OKAWARU WORSHIP
  6773 | Temple   | Became a worshipper of Warmaster Okawaru
  6773 | Temple   | 6773 ||| PLANNING D:1-11
  6902 | D:7      | 6902 ||| Stepping ~*~*~tactically~*~*~ (stealth).
  6903 | D:7      | 6903 ||| Stepping ~*~*~tactically~*~*~ (stealth).
  6909 | D:7      | 6909 ||| Stepping ~*~*~tactically~*~*~ (stealth).
  6930 | D:7      | Noticed a soul eater
  6935 | D:7      | Killed a kobold demonologist
  7060 | D:7      | Reached * piety under Okawaru
  7061 | D:7      | Reached skill level 6 in Armour
  7158 | D:7      | 7158 ||| DROPPING +5 mace.
  7343 | D:7      | 7343 ||| READING 2 scrolls of identify.
  7343 | D:7      | 7343 ||| IDENTIFYING smoky silvery potion
  7344 | D:7      | 7344 ||| DROPPING potion of invisibility.
  7458 | D:8      | 7458 ||| Stepping ~*~*~tactically~*~*~ (stealth).
  7460 | D:8      | 7460 ||| Stepping ~*~*~tactically~*~*~ (stealth).
  7461 | D:8      | 7461 ||| Stepping ~*~*~tactically~*~*~ (stealth).
  7478 | D:8      | Identified the ring "Taefram" {rPois rF+ rC+ Dex+3}
  7493 | D:8      | 7493 ||| INVOKING Heroism.
  7495 | D:8      | Found a staircase to the Lair.
  7497 | D:8      | HP: 14/66 [wight/+5 halberd of freezing (8)]
  7498 | D:8      | 7498 ||| DRINKING potion of heal wounds.
  7500 | D:8      | Reached skill level 1 in Invocations
  7609 | D:8      | 7609 ||| DROPPING +0 flail.
  7661 | D:8      | 7661 ||| Stepping ~*~*~tactically~*~*~ (hiding).
  7712 | D:8      | Noticed Psyche
  7713 | D:8      | 7713 ||| Stepping ~*~*~tactically~*~*~ (hiding).
  7714 | D:8      | 7714 ||| Stepping ~*~*~tactically~*~*~ (hiding).
  7715 | D:8      | 7715 ||| Stepping ~*~*~tactically~*~*~ (hiding).
  7717 | D:8      | 7717 ||| Stepping ~*~*~tactically~*~*~ (hiding).
  7718 | D:8      | 7718 ||| Stepping ~*~*~tactically~*~*~ (hiding).
  7719 | D:8      | 7719 ||| INVOKING Heroism.
  7724 | D:8      | Killed Psyche
  7789 | D:8      | Noticed Maurice
  7790 | D:8      | 7790 ||| INVOKING Heroism.
  7791 | D:8      | 7791 ||| Stepping ~*~*~tactically~*~*~ (cloud).
  7799 | D:8      | Killed Maurice
  7803 | D:8      | 7803 ||| Stepping ~*~*~tactically~*~*~ (cloud).
  7804 | D:8      | 7804 ||| Stepping ~*~*~tactically~*~*~ (cloud).
  7811 | D:8      | Reached XP level 11. HP: 71/71 MP: 12/12
  7998 | D:8      | 7998 ||| PLANNING LAIR
  7998 | D:8      | 7998 ||| UPGRADING to +0 cloak.
  8003 | D:8      | 8003 ||| UPGRADING to ring "Taefram" {rPois rF+ rC+ Dex+3}.
  8005 | D:8      | 8005 ||| UPGRADING to +6 ring of dexterity.
  8007 | D:8      | 8007 ||| DROPPING ring of positive energy.
  8008 | D:8      | 8008 ||| READING 2 scrolls of identify.
  8008 | D:8      | 8008 ||| IDENTIFYING emerald potion
  8009 | D:8      | 8009 ||| DROPPING potion of brilliance.
  8034 | Lair:1   | Entered Level 1 of the Lair of Beasts
  8053 | Lair:1   | Noticed an oklob plant
  8054 | Lair:1   | 8054 ||| INVOKING Heroism.
  8063 | Lair:1   | 8063 ||| DRINKING potion of cancellation.
  8067 | Lair:1   | HP: 10/71 [oklob plant/splash of acid (11)]
  8069 | Lair:1   | Killed an oklob plant
  8070 | Lair:1   | Reached skill level 3 in Invocations
  8265 | Lair:1   | 8265 ||| Stepping ~*~*~tactically~*~*~ (stealth).
  8267 | Lair:1   | 8267 ||| Stepping ~*~*~tactically~*~*~ (stealth).
  8281 | Lair:1   | 8281 ||| INVOKING Heroism.
  8407 | Lair:1   | 8407 ||| INVOKING Heroism.
  8619 | Lair:1   | 8619 ||| INVOKING Heroism.
  8624 | Lair:1   | Reached skill level 12 in Axes
  8663 | Lair:1   | 8663 ||| INVOKING Heroism.
  8762 | Lair:1   | 8762 ||| INVOKING Heroism.
  8851 | Lair:1   | 8851 ||| INVOKING Heroism.
  8858 | Lair:1   | Reached skill level 9 in Armour
  8983 | Lair:1   | Reached skill level 6 in Shields
  8985 | Lair:1   | 8985 ||| INVOKING Heroism.
  9191 | Lair:1   | 9191 ||| INVOKING Heroism.
  9382 | Lair:1   | 9382 ||| INVOKING Heroism.
  9835 | Lair:1   | 9835 ||| UPGRADING to +1 pair of boots.
  9840 | Lair:1   | 9840 ||| UPGRADING to amulet of faith.
  9845 | Lair:1   | 9845 ||| READING scroll labelled MEETSA GOZIE.
  9873 | Lair:2   | 9873 ||| STAIRDANCE
  9982 | Lair:2   | 9982 ||| STAIRDANCE
  9985 | Lair:1   | 9985 ||| INVOKING Heroism.
 10094 | Lair:2   | 10094 ||| INVOKING Heroism.
 10193 | Lair:2   | Found a hole to the Spider Nest.
 10194 | Lair:2   | 10194 ||| Stepping ~*~*~tactically~*~*~ (stealth).
 10207 | Lair:2   | 10207 ||| INVOKING Heroism.
 10215 | Lair:2   | Reached ** piety under Okawaru
 10228 | Lair:2   | 10228 ||| INVOKING Heroism.
 10237 | Lair:2   | HP: 17/72 [jumping spider (9)]
 10241 | Lair:2   | HP: 6/72 [jumping spider (6)]
 10675 | Lair:2   | 10675 ||| INVOKING Heroism.
 10678 | Lair:2   | 10678 ||| Stepping ~*~*~tactically~*~*~ (stealth).
 10687 | Lair:2   | Reached XP level 12. HP: 77/77 MP: 13/15
 10703 | Lair:2   | Reached skill level 13 in Axes
 10784 | Lair:2   | Identified the +3 scale mail of the Red Skies {Drain rPois
                  | Dex+3}
 10849 | Lair:2   | 10849 ||| Stepping ~*~*~tactically~*~*~ (stealth).
 10855 | Lair:2   | Reached *** piety under Okawaru
 11152 | Lair:2   | Found a staircase to the Swamp.
 11296 | Lair:2   | 11296 ||| UPGRADING to +4 ring of protection.
 11298 | Lair:2   | 11298 ||| READING scroll labelled YRUATH NUSEUL.
 11743 | Lair:3   | You fall into a shaft and drop 2 floors!
 11743 | Lair:5   | Entered Level 5 of the Lair of Beasts
 11779 | Lair:5   | Reached **** piety under Okawaru
 11782 | Lair:5   | 11782 ||| INVOKING Heroism.
 11788 | Lair:5   | Noticed a death yak
 11792 | Lair:5   | Received a gift from Okawaru
 11797 | Lair:5   | Noticed a death yak
 11798 | Lair:5   | Noticed a death yak
 11800 | Lair:5   | Noticed a death yak
 11801 | Lair:5   | Noticed a death yak
 11804 | Lair:5   | Killed a death yak
 11804 | Lair:5   | Noticed a death yak
 11805 | Lair:5   | Received a gift from Okawaru
 11812 | Lair:5   | HP: 16/77 [death yak (16)]
 11819 | Lair:5   | 11819 ||| INVOKING Heroism.
 11820 | Lair:5   | Killed a death yak
 11822 | Lair:5   | HP: 3/77 [death yak (12)]
 11824 | Lair:5   | Killed a death yak
 11826 | Lair:5   | Killed a death yak
 11826 | Lair:5   | Reached ***** piety under Okawaru
 11826 | Lair:5   | Slain by a death yak

Levels and vault maps discovered:
D:1:      evilmike_arrival_rings, layout_rooms
D:2:      layout_basic, shapermc_ecumenical_altar_flowoftime,
          minmay_door_square, uniq_robin, uniq_crazy_yiuf_cottage
D:3:      layout_basic, gammafunk_ghost_icy
D:4:      layout_loops_ring, serial_shops, nicolae_inconvenience_store,
          uniq_grinder, uniq_blork_the_orc, uniq_menkaure
D:5:      layout_cave_pools, enter_ossuary_4
D:6:      layout_loops_ring, chequers_temple_overflow_statue_of_worship,
          gammafunk_ghost_gnarly_gnolls, uniq_pikel
D:7:      minmay_the_grid_four_pointed_star
          [minmay_the_grid_triangle_9x9_odd_lines,
          minmay_the_grid_triangle_9x9_empty,
          minmay_the_grid_triangle_9x9_stretched_checkered,
          minmay_the_grid_triangle_9x9_warning,
          minmay_the_grid_prize_inner_circle], layout_basic, serial_aquarium,
          aquarium_bridge_square [aquarium_subvault_bridge,
          aquarium_subvault_wall, aquarium_subvault_balcony,
          aquarium_subvault_wall], aquarium_window_2, aquarium_window_3,
          aquarium_window_fake, aquarium_view_2a, aquarium_view_2c,
          aquarium_balcony_3b, uniq_prince_ribbit1
D:8:      layout_cave_pools, dpeg_oklobed_lair, serial_glass, glass_columns_a,
          glass_columns_a, glass_columns_a, glass_columns_a, item_on_display_a,
          item_on_display_b, feat_on_display, uniq_psyche, uniq_maurice
Temple:   minmay_crystal_spiral_temple
Lair:1:   layout_layer_cave, pdpol_lair_neglected_garden
Lair:2:   layout_cave_pods, swamp_mist, spider_nest_entry_a
Lair:3:   layout_roguey, lemuel_centaur_altar
Lair:5:   grunt_lair_end_beastmaster, layout_concentric_octagons

Skill      XL: |  1  2  3  4  5  6  7  8  9 10 11 12 |
---------------+-------------------------------------+-----
Axes           | 2 3 11 12 13 | 13.8
Dodging        | 1 2 3 |  3.0
Throwing       | 1 2 |  2.7
Fighting       | 4 5 7 8 9 10 | 10.0
Shields        | 4 5 6 |  6.0
Armour         | 4 7 9 10 | 10.1
Invocations    | 2 4 5 |  5.7

Action                     |  1- 3 |  4- 6 |  7- 9 | 10-12 || total
---------------------------+-------+-------+-------+-------++-------
  Melee: War axe           |   100 |    47 |   282 |   419 ||   848
  Throw: Javelin           |       |    15 |    17 |       ||    32
         Boomerang         |       |       |    42 |    83 ||   125
 Invoke: Heroism           |       |       |       |    20 ||    20
    Use: Scroll            |     4 |     5 |     9 |     7 ||    25
         Potion            |     1 |     2 |     5 |     4 ||    12
 Armour: Scale mail        |    54 |    29 |   137 |    18 ||   238
         Plate armour      |       |       |       |   219 ||   219
  Dodge: Dodged            |    43 |    22 |   109 |   147 ||   321
  Block: Buckler           |    21 |    11 |    58 |    87 ||   177

Table legend:
 A = Non-vault XP
 B = Vault XP
 C = Vault XP percentage of total XP
 D = Non-vault monster count
 E = Vault monster count
 F = Vault count percentage of total count
                 A         B        C        D         E       F
            +---------+---------+-------+---------+---------+-------
      Total |   22941 |    4819 |  17.4 |     222 |      42 |  15.9
            +---------+---------+-------+---------+---------+-------
        D:1 |      52 |       0 |   0.0 |      32 |       0 |   0.0
        D:2 |      29 |      33 |  53.2 |      10 |      11 |  52.4
        D:3 |      26 |       0 |   0.0 |      13 |       0 |   0.0
        D:4 |     332 |     545 |  62.1 |      23 |       3 |  11.5
        D:5 |     997 |       2 |   0.2 |      21 |       2 |   8.7
        D:6 |     748 |     875 |  53.9 |      26 |       2 |   7.1
        D:7 |    1613 |    1590 |  49.6 |      24 |       7 |  22.6
        D:8 |    1038 |     701 |  40.3 |      16 |       2 |  11.1
     Lair:1 |    5811 |       0 |   0.0 |      21 |       0 |   0.0
     Lair:2 |    5226 |     458 |   8.1 |      21 |       2 |   8.7
     Lair:3 |     817 |       0 |   0.0 |       4 |       0 |   0.0
     Lair:5 |    6252 |       0 |   0.0 |      11 |       0 |   0.0
    Ossuary |       0 |     615 | 100.0 |       0 |      13 | 100.0
            +---------+---------+-------+---------+---------+-------
